[Event "Bundesliga"]
[Site "Bremen"]
[Date "2009.03.28"]
[Round "13.6"]
[White "Babula"]
[Black "Thiede"]
[Result "1/2-1/2"]
[ECO "E94"]
[WhiteElo "2608"]
[BlackElo "2464"]
[PlyCount "148"]
[EventDate "2009.??.??"]
[WhiteTeam "WBR"]
[BlackTeam "SFB"]
[TimeControl "40/7200:20/3600:1800"]

1. d4 Nf6 2. c4 g6 3. Nc3 Bg7 4. e4 d6 5. Nf3 O-O 6. Be2 Na6 7. O-O e5 8. Re1
c6 9. Bf1 exd4 10. Nxd4 Ng4 11. h3 Qb6 12. hxg4 Qxd4 13. Qf3 Qe5 14. g5 Nc5 15.
Bf4 Qe7 16. Rad1 Be5 17. Qg3 f6 18. gxf6 Rxf6 19. Bxe5 Qxe5 20. b4 Nd7 21. Qe3
g5 22. Rd3 a5 23. a3 Rh6 24. Qg3 axb4 25. axb4 Qxg3 26. Rxg3 Rg6 27. Rd1 Ne5
28. c5 dxc5 29. bxc5 Kf7 30. Ne2 Ke7 31. Nd4 Ra5 32. Nf5+ Bxf5 33. exf5 Rf6 34.
Rb3 Rf7 35. Rxb7+ Kf8 36. Rb8+ Kg7 37. Rc1 Rxf5 38. Rb2 g4 39. Rd2 h5 40. Be2
Kf6 41. Rd6+ Kg5 42. Bd1 Rf6 43. Rd8 Ng6 44. g3 Ra3 45. Rd4 Ne5 46. Be2 Rf7 47.
Re4 Rf5 48. Rd4 Ra2 49. Re4 Rd2 50. Rd1 Rxd1+ 51. Bxd1 Nd3 52. Re2 Rxc5 53. Bc2
Ne5 54. Be4 h4 55. gxh4+ Kxh4 56. Kg2 Kg5 57. f3 Kf4 58. fxg4 Nxg4 59. Bd3 Rc3
60. Re4+ Kg5 61. Be2 Ne3+ 62. Kf2 Nf5 63. Rc4 Rxc4 64. Bxc4 Kf4 65. Ke2 Nd6 66.
Kd3 Ke5 67. Ba2 c5 68. Bb3 Nf5 69. Ba2 Kd6 70. Bb3 Kc6 71. Be6 Nd6 72. Kc3 Kb5
73. Bd5 c4 74. Bxc4+ Nxc4 1/2-1/2

[Event "Bundesliga"]
[Site "Bremen"]
[Date "2009.03.28"]
[Round "13.4"]
[White "Hracek"]
[Black "Schneider"]
[Result "1-0"]
[ECO "B00"]
[WhiteElo "2613"]
[BlackElo "2486"]
[PlyCount "61"]
[EventDate "2009.??.??"]
[WhiteTeam "WBR"]
[BlackTeam "SFB"]
[TimeControl "40/7200:20/3600:1800"]

1. e4 Nc6 2. Nf3 f5 3. exf5 d5 4. Bb5 Bxf5 5. Ne5 a6 6. Bxc6+ bxc6 7. d4 Nf6 8.
O-O c5 9. dxc5 e6 10. Be3 Nd7 11. Nxd7 Qxd7 12. Bd4 Rb8 13. Nd2 Rb4 14. Nb3 Kf7
15. Qd2 Rc4 16. c3 Be7 17. Na5 Ra4 18. b4 Rb8 19. a3 Kg8 20. Rfe1 Rxa5 21. bxa5
Qb5 22. Qf4 Qxa5 23. g4 Be4 24. Qe5 Bf8 25. Qxe6+ Kh8 26. f3 Bxf3 27. Rf1 Be4
28. Rxf8+ Rxf8 29. Qe7 Rg8 30. Rf1 h6 31. Rf8 1-0

[Event "Bundesliga"]
[Site "Bremen"]
[Date "2009.03.28"]
[Round "13.2"]
[White "Meier"]
[Black "Brynell"]
[Result "1-0"]
[ECO "C08"]
[WhiteElo "2558"]
[BlackElo "2447"]
[PlyCount "117"]
[EventDate "2009.??.??"]
[WhiteTeam "WBR"]
[BlackTeam "SFB"]
[TimeControl "40/7200:20/3600:1800"]

1. e4 e6 2. d4 d5 3. Nd2 c5 4. exd5 exd5 5. Ngf3 Nf6 6. Bb5+ Bd7 7. Bxd7+ Nbxd7
8. O-O Be7 9. dxc5 Nxc5 10. Nd4 Qd7 11. N2f3 O-O 12. Ne5 Qc8 13. Bf4 Re8 14.
Nd3 Nxd3 15. Qxd3 Qc4 16. Bg5 h6 17. Bh4 Qxd3 18. cxd3 Nd7 19. Bxe7 Rxe7 20.
Rac1 Rae8 21. Rfd1 g6 22. g3 a6 23. Kf1 Kf8 24. h3 h5 25. Rc3 Nf6 26. Rdc1 Rd7
27. Rb3 Ree7 28. Rb6 Kg7 29. Nb3 h4 30. g4 Rc7 31. Rc5 Rxc5 32. Nxc5 Rc7 33. d4
Ne4 34. Rxb7 Rc6 35. Nxe4 dxe4 36. Ke2 Rc1 37. g5 Rh1 38. Re7 Rb1 39. Rb7 Rh1
40. Re7 Rb1 41. b3 Rb2+ 42. Ke3 Rxa2 43. d5 Rb2 44. Rb7 Kf8 45. d6 Ke8 46. b4
Rb3+ 47. Kxe4 Rxh3 48. Re7+ Kd8 49. Rxf7 Rb3 50. Ke5 Rxb4 51. f4 h3 52. Rh7 Rb3
53. f5 gxf5 54. g6 Rg3 55. g7 h2 56. Kf6 f4 57. Rxh2 Kd7 58. Kf7 f3 59. Rh6 1-0

[Event "Bundesliga"]
[Site "Bremen"]
[Date "2009.03.28"]
[Round "13.8"]
[White "Skripchenko"]
[Black "Thinius"]
[Result "1/2-1/2"]
[ECO "C01"]
[WhiteElo "2455"]
[BlackElo "2421"]
[PlyCount "64"]
[EventDate "2009.??.??"]
[WhiteTeam "WBR"]
[BlackTeam "HSK"]
[TimeControl "40/7200:20/3600:1800"]

1. e4 e6 2. d4 d5 3. Nc3 Bb4 4. exd5 exd5 5. Bd3 Nc6 6. a3 Bxc3+ 7. bxc3 Nf6 8.
Ne2 O-O 9. O-O Na5 10. Ng3 Bg4 11. f3 Bd7 12. Bf4 Re8 13. Qc1 Re6 14. Bf5 Rc6
15. Re1 Nc4 16. Bg5 h6 17. Bh4 Kh8 18. Bd3 g5 19. Bxg5 hxg5 20. Qxg5 Qf8 21.
Nh5 Nxh5 22. Qxh5+ Rh6 23. Qxd5 Nb6 24. Qe5+ f6 25. Qf4 Nd5 26. Qd2 Rh4 27. Re4
Qh6 28. Qxh6+ Rxh6 29. c4 f5 30. Re5 Nf4 31. Re7 Rd8 32. d5 Nxd3 1/2-1/2

[Event "Bundesliga"]
[Site "Baden-Baden"]
[Date "2009.03.28"]
[Round "14.7"]
[White "Straeter"]
[Black "Medvegy"]
[Result "1/2-1/2"]
[ECO "A46"]
[WhiteElo "2303"]
[BlackElo "2556"]
[PlyCount "134"]
[EventDate "2009.??.??"]
[WhiteTeam "WAT"]
[BlackTeam "EPP"]
[TimeControl "40/7200:20/3600:1800"]

1. d4 Nf6 2. Nf3 e6 3. e3 c5 4. Bd3 Be7 5. O-O O-O 6. c4 cxd4 7. exd4 d6 8. Nc3
Nbd7 9. Bf4 a6 10. h3 Re8 11. Re1 Nf8 12. Bh2 b6 13. b4 Bb7 14. a4 a5 15. bxa5
Rxa5 16. Nb5 Qd7 17. Bf1 Rc8 18. Re3 Ng6 19. Rb1 Qd8 20. Nd2 d5 21. Nc3 Raa8
22. Qb3 dxc4 23. Nxc4 Bd5 24. Nxd5 Nxd5 25. Ree1 Bb4 26. Rec1 Nge7 27. Ne3 Bd6
28. Bxd6 Qxd6 29. Nc4 Qd8 30. Ne3 Rxc1 31. Rxc1 g6 32. Bc4 Rc8 33. Rb1 Nxe3 34.
fxe3 Nf5 35. Ba6 Rc6 36. Bb7 Rd6 37. Be4 Ne7 38. Rc1 h5 39. Qc2 Rd7 40. Qc4 Kg7
41. Rc2 Nd5 42. Bxd5 exd5 43. Qb3 Rd6 44. Rc3 Qh4 45. Rc1 Qg5 46. Rc7 Qg3 47.
Rc1 Re6 48. Rb1 Qg5 49. Re1 h4 50. Re2 Rc6 51. Re1 Qf5 52. Rf1 Qe6 53. Re1 Qe4
54. Rf1 Qe6 55. Re1 Rc4 56. Rb1 Qe4 57. Rf1 Qe6 58. Rb1 Qe8 59. Rf1 Rxa4 60.
Qxd5 Qxe3+ 61. Kh1 Qe7 62. Qc6 Rxd4 63. Qxb6 Re4 64. Qb2+ Re5 65. Qd2 Kh7 66.
Qc3 g5 67. Rxf7+ Qxf7 1/2-1/2

[Event "Bundesliga"]
[Site "Baden-Baden"]
[Date "2009.03.28"]
[Round "14.5"]
[White "Handke"]
[Black "Ruck"]
[Result "0-1"]
[ECO "B50"]
[WhiteElo "2498"]
[BlackElo "2574"]
[PlyCount "96"]
[EventDate "2009.??.??"]
[WhiteTeam "WAT"]
[BlackTeam "EPP"]
[TimeControl "40/7200:20/3600:1800"]

1. e4 c5 2. Nf3 d6 3. c3 Nf6 4. Be2 Nbd7 5. d3 b6 6. O-O Bb7 7. Nbd2 g6 8. Re1
Bg7 9. Bf1 O-O 10. d4 cxd4 11. cxd4 Qc7 12. Bd3 e5 13. d5 Nc5 14. Bc2 a5 15. a4
Rfc8 16. Ra3 Ba6 17. Rc3 Qe7 18. Nf1 Nh5 19. g3 Rc7 20. h3 Qf8 21. N3h2 Bh6 22.
Ne3 Nf6 23. Qf3 Bg7 24. g4 Rac8 25. Nd1 b5 26. axb5 Bxb5 27. Bg5 Nfd7 28. Ra3
Nb7 29. Nc3 Bh6 30. Be3 Bxe3 31. fxe3 Ba6 32. Ba4 Qe7 33. Qg3 h6 34. Nf3 Nf6
35. Nd2 Nc5 36. Bc6 Rb8 37. b3 Bd3 38. Qg2 Kg7 39. Rea1 Rb4 40. Rxa5 Nxb3 41.
Nxb3 Rxb3 42. Qd2 Bxe4 43. Nb5 Rc8 44. Ra7 Qd8 45. Qa5 Qxa5 46. R1xa5 Rb1+ 47.
Kf2 Rb2+ 48. Ke1 Bxd5 0-1

[Event "Bundesliga"]
[Site "Baden-Baden"]
[Date "2009.03.28"]
[Round "14.3"]
[White "Czarnota"]
[Black "Balogh"]
[Result "1/2-1/2"]
[ECO "D47"]
[WhiteElo "2531"]
[BlackElo "2616"]
[PlyCount "49"]
[EventDate "2009.??.??"]
[WhiteTeam "WAT"]
[BlackTeam "EPP"]
[TimeControl "40/7200:20/3600:1800"]

1. Nf3 d5 2. c4 c6 3. e3 Nf6 4. Nc3 e6 5. d4 Nbd7 6. Bd3 dxc4 7. Bxc4 b5 8. Bd3
b4 9. Ne4 Nxe4 10. Bxe4 Bb7 11. O-O Bd6 12. a3 bxa3 13. b3 Nf6 14. Nd2 Nxe4 15.
Nxe4 Bxh2+ 16. Kxh2 Qh4+ 17. Kg1 Qxe4 18. f3 Qg6 19. Bxa3 h5 20. Bc5 h4 21. e4
Qg3 22. Qe1 Qxe1 23. Rfxe1 a6 24. f4 f6 25. Re3 1/2-1/2

[Event "Bundesliga"]
[Site "Baden-Baden"]
[Date "2009.03.28"]
[Round "14.1"]
[White "Macieja"]
[Black "Braun"]
[Result "1/2-1/2"]
[ECO "B14"]
[WhiteElo "2600"]
[BlackElo "2567"]
[PlyCount "136"]
[EventDate "2009.??.??"]
[WhiteTeam "WAT"]
[BlackTeam "EPP"]
[TimeControl "40/7200:20/3600:1800"]

1. e4 c6 2. d4 d5 3. exd5 cxd5 4. c4 Nf6 5. Nc3 e6 6. Nf3 Bb4 7. cxd5 Nxd5 8.
Qc2 Nc6 9. Bd3 h6 10. O-O O-O 11. a3 Bd6 12. Re1 Nce7 13. Qe2 Bd7 14. Ne5 Bxe5
15. Qxe5 Bc6 16. Qg3 Kh8 17. Re5 Ng8 18. Rg5 hxg5 19. Bxg5 Ngf6 20. Re1 Kg8 21.
Qh4 Re8 22. Re5 Rc8 23. Ne4 Ba4 24. h3 Bc2 25. Rxd5 Nxd5 26. Bxd8 Bxd3 27. Bg5
Bxe4 28. Qxe4 Rc4 29. h4 f6 30. Be3 Kf7 31. h5 f5 32. Qe5 Nf6 33. h6 gxh6 34.
Bxh6 Rd8 35. Be3 Ng4 36. Qb5 Rdc8 37. g3 Nxe3 38. fxe3 R8c7 39. Kf2 Rc1 40. Ke2
a6 41. Qb6 R1c6 42. Qb3 Rc2+ 43. Kf3 Rd2 44. Qb6 Rd7 45. a4 Rc2 46. Qb4 Rc8 47.
g4 fxg4+ 48. Kxg4 Rf8 49. Kf4 Ke8+ 50. Ke4 Rf5 51. Qc3 Kd8 52. Qe1 Rfd5 53. Qg3
R5d6 54. Ke5 Kc7 55. b4 Kc6 56. Qg8 Kc7 57. Qf8 Rd5+ 58. Ke4 R5d6 59. Qf4 Kc6
60. Qe5 Kc7 61. Qa5+ Kb8 62. b5 axb5 63. axb5 Rd5 64. Qb4 Kc7 65. Qa5+ Kb8 66.
Qb4 Kc7 67. Qa5+ Kb8 68. Qb4 Kc7 1/2-1/2

[Event "Bundesliga"]
[Site "Remagen"]
[Date "2009.03.28"]
[Round "13.8"]
[White "Korman"]
[Black "Meister"]
[Result "0-1"]
[ECO "B23"]
[WhiteElo "2125"]
[BlackElo "2390"]
[PlyCount "76"]
[EventDate "2009.??.??"]
[WhiteTeam "Trinidad und Tobago"]
[BlackTeam "BAY"]
[WhiteTeamCountry "TRI"]
[TimeControl "40/7200:20/3600:1800"]

1. e4 c5 2. Nc3 Nc6 3. Bb5 g6 4. Bxc6 dxc6 5. d3 Bg7 6. Be3 b6 7. f4 Nf6 8. h3
e5 9. fxe5 Nd7 10. Nf3 Nxe5 11. O-O O-O 12. Qd2 Be6 13. Bh6 Bxh6 14. Qxh6 Nxf3+
15. gxf3 c4 16. f4 f5 17. Rad1 Qd4+ 18. Kh2 Rad8 19. Rf3 cxd3 20. cxd3 Qb4 21.
Rf2 fxe4 22. Nxe4 Bf5 23. Ng5 Rd7 24. Nf3 Qe7 25. Ne5 Rd6 26. h4 c5 27. Qg5
Rdf6 28. Rg1 Kh8 29. Rg3 Qd6 30. h5 Re6 31. Qh4 gxh5 32. Rfg2 Bg4 33. Nxg4 hxg4
34. Qxg4 Rg6 35. Qf3 Rxf4 36. Qa8+ Rf8 37. Qe4 Rxg3 38. Rxg3 Rg8 0-1

[Event "Bundesliga"]
[Site "Remagen"]
[Date "2009.03.28"]
[Round "13.6"]
[White "Cioara"]
[Black "Meissner"]
[Result "1-0"]
[ECO "A63"]
[WhiteElo "2452"]
[BlackElo "2418"]
[PlyCount "75"]
[EventDate "2009.??.??"]
[WhiteTeam "Trinidad und Tobago"]
[BlackTeam "BAY"]
[WhiteTeamCountry "TRI"]
[TimeControl "40/7200:20/3600:1800"]

1. d4 Nf6 2. Nf3 g6 3. g3 Bg7 4. c4 O-O 5. Bg2 c5 6. d5 d6 7. Nc3 e6 8. O-O
exd5 9. cxd5 a6 10. a4 Nbd7 11. Nd2 Rb8 12. Nc4 Ne8 13. Bf4 Nb6 14. Na3 Bd7 15.
a5 Nc8 16. Nc4 Bb5 17. Qb3 Na7 18. Nb6 f5 19. Rfe1 Nc7 20. e4 g5 21. Bd2 f4 22.
e5 Be8 23. exd6 Ncb5 24. Ne4 Bd4 25. Bc3 Bg6 26. Bxd4 Nxd4 27. Qd1 f3 28. Bh3
Bxe4 29. Rxe4 Qxd6 30. Rxd4 cxd4 31. Be6+ Kg7 32. Qxd4+ Kh6 33. Nd7 Nb5 34. Qe3
Kh5 35. Ra4 Rbe8 36. h4 h6 37. Qe4 Rxe6 38. Qg4+ 1-0

[Event "Bundesliga"]
[Site "Remagen"]
[Date "2009.03.28"]
[Round "13.4"]
[White "Seger"]
[Black "Jorczik"]
[Result "1-0"]
[ECO "C07"]
[WhiteElo "2397"]
[BlackElo "2359"]
[PlyCount "93"]
[EventDate "2009.??.??"]
[WhiteTeam "Trinidad und Tobago"]
[BlackTeam "BAY"]
[WhiteTeamCountry "TRI"]
[TimeControl "40/7200:20/3600:1800"]

1. e4 e6 2. d4 d5 3. Nd2 c5 4. exd5 Qxd5 5. Ngf3 cxd4 6. Bc4 Qd6 7. Qe2 Nf6 8.
Nb3 Nc6 9. Bg5 a6 10. O-O-O b5 11. Bd3 Be7 12. Kb1 Bb7 13. Nbxd4 Nxd4 14. Nxd4
Qc5 15. Nf3 h6 16. Bc1 O-O 17. Ne5 Rfd8 18. Rhe1 Bd5 19. f4 Rac8 20. g4 Nd7 21.
g5 Nxe5 22. fxe5 Bxg5 23. Bxg5 hxg5 24. Qh5 Bc4 25. Qh7+ Kf8 26. Qh8+ Ke7 27.
Qxg7 Bxd3 28. Qxg5+ Ke8 29. cxd3 Qc2+ 30. Ka1 Kd7 31. Rf1 Rf8 32. Qh5 Ke8 33.
d4 Rc7 34. d5 exd5 35. e6 Qc6 36. exf7+ Kd8 37. Qxd5+ Qxd5 38. Rxd5+ Ke7 39.
Rdf5 Rc6 40. h4 b4 41. Re1+ Kd7 42. b3 a5 43. Rxa5 Rxf7 44. Ra7+ Rc7 45. Rxc7+
Kxc7 46. h5 Kd6 47. h6 1-0

[Event "Bundesliga"]
[Site "Remagen"]
[Date "2009.03.28"]
[Round "13.2"]
[White "Bobras"]
[Black "Bezold"]
[Result "1/2-1/2"]
[ECO "C41"]
[WhiteElo "2561"]
[BlackElo "2513"]
[PlyCount "76"]
[EventDate "2009.??.??"]
[WhiteTeam "Trinidad und Tobago"]
[BlackTeam "BAY"]
[WhiteTeamCountry "TRI"]
[TimeControl "40/7200:20/3600:1800"]

1. e4 d6 2. d4 Nf6 3. Nc3 e5 4. Nf3 Nbd7 5. Bc4 Be7 6. O-O O-O 7. a4 a5 8. h3
c6 9. Ba2 Qc7 10. Be3 exd4 11. Bxd4 Ne5 12. Nd2 Be6 13. f4 Bxa2 14. Rxa2 Ng6
15. Qf3 Nd7 16. Kh1 f5 17. Raa1 fxe4 18. Qxe4 Bf6 19. Bxf6 Nxf6 20. Qd3 d5 21.
f5 Ne5 22. Qg3 Rac8 23. Rae1 Rfe8 24. Ne2 Ned7 25. Qxc7 Rxc7 26. Nd4 Rxe1 27.
Rxe1 Nc5 28. b3 Kf7 29. g4 h6 30. Kg2 Rd7 31. Kf3 Nce4 32. Nxe4 Nxe4 33. Kf4
g5+ 34. fxg6+ Kxg6 35. Nf5 Rf7 36. c4 Nc5 37. Re8 dxc4 38. bxc4 Nxa4 1/2-1/2

[Event "Bundesliga"]
[Site "Remagen"]
[Date "2009.03.28"]
[Round "13.7"]
[White "Bromberger"]
[Black "Boidman"]
[Result "1-0"]
[ECO "B28"]
[WhiteElo "2490"]
[BlackElo "2411"]
[PlyCount "41"]
[EventDate "2009.??.??"]
[WhiteTeam "TGS"]
[BlackTeam "REM"]
[TimeControl "40/7200:20/3600:1800"]

1. e4 c5 2. Nf3 a6 3. c3 d5 4. exd5 Qxd5 5. d4 e6 6. Be3 cxd4 7. cxd4 Nf6 8.
Nc3 Qd6 9. Bd3 Be7 10. O-O O-O 11. Rc1 Nc6 12. Qd2 Nb4 13. Bf4 Qd8 14. Ne5 Nxd3
15. Qxd3 Nd5 16. Nxd5 Qxd5 17. Nc4 Bc5 18. Qg3 Ba7 19. Bh6 Bxd4 20. Nb6 Be5 21.
Bf4 1-0

[Event "Bundesliga"]
[Site "Remagen"]
[Date "2009.03.28"]
[Round "13.5"]
[White "Teske"]
[Black "Popovic"]
[Result "1/2-1/2"]
[ECO "D00"]
[WhiteElo "2504"]
[BlackElo "2478"]
[PlyCount "48"]
[EventDate "2009.??.??"]
[WhiteTeam "TGS"]
[BlackTeam "REM"]
[TimeControl "40/7200:20/3600:1800"]

1. d4 Nf6 2. Nf3 g6 3. Nc3 d5 4. Bf4 c6 5. e3 Bg4 6. h3 Bxf3 7. Qxf3 Bg7 8. g4
Nbd7 9. O-O-O Qa5 10. h4 h5 11. g5 Ne4 12. Nxe4 dxe4 13. Qxe4 Qxa2 14. Bd3 Nb6
15. Bd6 e6 16. Qf4 Nd5 17. Qg3 Rd8 18. c3 Nb6 19. Kc2 Nc4 20. Bxc4 Qxc4 21. Bc5
b6 22. Ba3 Bf8 23. Ra1 Bxa3 24. Rxa3 a5 1/2-1/2

[Event "Bundesliga"]
[Site "Remagen"]
[Date "2009.03.28"]
[Round "13.1"]
[White "Khenkin"]
[Black "Gharamian"]
[Result "1/2-1/2"]
[ECO "D27"]
[WhiteElo "2655"]
[BlackElo "2560"]
[PlyCount "57"]
[EventDate "2009.??.??"]
[WhiteTeam "TGS"]
[BlackTeam "REM"]
[TimeControl "40/7200:20/3600:1800"]

1. d4 d5 2. c4 dxc4 3. e3 Nf6 4. Bxc4 e6 5. Nf3 c5 6. O-O a6 7. Bb3 b5 8. a4 b4
9. e4 Bb7 10. e5 Ne4 11. Nbd2 Nxd2 12. Bxd2 cxd4 13. Ng5 Nd7 14. f4 Nc5 15. f5
Nxb3 16. Qxb3 Qd5 17. Qg3 h6 18. fxe6 hxg5 19. exf7+ Kd7 20. Rac1 Qe6 21. Bxg5
Rc8 22. Qf4 Rxc1 23. Rxc1 Bc6 24. Qxd4+ Qd5 25. Qg4+ Kc7 26. e6 Bd6 27. h3 Kb7
28. Rd1 Bc5+ 29. Kh2 1/2-1/2

[Event "Bundesliga"]
[Site "Baden-Baden"]
[Date "2009.03.28"]
[Round "14.7"]
[White "Hoffmann"]
[Black "Vallejo"]
[Result "1/2-1/2"]
[ECO "E04"]
[WhiteElo "2469"]
[BlackElo "2664"]
[PlyCount "83"]
[EventDate "2009.??.??"]
[WhiteTeam "SOL"]
[BlackTeam "BAD"]
[TimeControl "40/7200:20/3600:1800"]

1. d4 Nf6 2. c4 e6 3. g3 d5 4. Nf3 dxc4 5. Bg2 a6 6. O-O Nc6 7. Nc3 Rb8 8. e4
Be7 9. d5 exd5 10. exd5 Nb4 11. Ne5 Bf5 12. a3 Nd3 13. Nxc4 Nxc1 14. Rxc1 O-O
15. b4 Ne8 16. Ne4 Nd6 17. Nexd6 cxd6 18. Qf3 g6 19. h4 Re8 20. Rfe1 Bf8 21.
Qf4 Rxe1+ 22. Rxe1 Rc8 23. Kh2 Rb8 24. Kg1 Rc8 25. Kh2 Rc7 26. Bf1 h5 27. Qd4
Re7 28. Rxe7 Qxe7 29. Ne3 Bd7 30. Qb6 Ba4 31. Kg1 Bh6 32. Nc4 Bf8 33. Ne3 Bb3
34. b5 Ba4 35. bxa6 bxa6 36. Qxa6 Qe8 37. Nc4 Bb3 38. Nxd6 Qe7 39. Qb5 Qxd6 40.
Qxb3 Qxa3 41. Qxa3 Bxa3 42. Bb5 1/2-1/2

[Event "Bundesliga"]
[Site "Baden-Baden"]
[Date "2009.03.28"]
[Round "14.5"]
[White "Ragger"]
[Black "Harikrishna"]
[Result "1/2-1/2"]
[ECO "B14"]
[WhiteElo "2518"]
[BlackElo "2659"]
[PlyCount "106"]
[EventDate "2009.??.??"]
[WhiteTeam "SOL"]
[BlackTeam "BAD"]
[TimeControl "40/7200:20/3600:1800"]

1. e4 c6 2. d4 d5 3. exd5 cxd5 4. c4 Nf6 5. Nc3 e6 6. Nf3 Bb4 7. cxd5 Nxd5 8.
Bd2 Nc6 9. Bd3 Be7 10. O-O O-O 11. Qe2 Nf6 12. Ne4 Bd7 13. Rad1 Nd5 14. Bb1 Qb6
15. Bg5 Rad8 16. Nc3 g6 17. Qd2 f6 18. Bh6 Rf7 19. a3 Bf8 20. Bxf8 Rdxf8 21.
Ba2 Nce7 22. Rfe1 Qc7 23. Rc1 Qb8 24. h3 Kg7 25. Nxd5 exd5 26. Nh2 Bc6 27. Ng4
Re8 28. Re6 Ng8 29. Rxe8 Qxe8 30. Re1 Re7 31. Rxe7+ Qxe7 32. Qf4 Qd8 33. h4 h5
34. Ne3 Ne7 35. g4 hxg4 36. Nxg4 Nf5 37. Bb1 Qd6 38. Qd2 Bd7 39. Bxf5 Bxf5 40.
Qh6+ Kg8 41. Ne3 Be4 42. Ng4 Bf5 43. h5 Qe7 44. Ne3 g5 45. Nxf5 Qe1+ 46. Kg2
Qe4+ 47. f3 Qxf5 48. Kg3 a6 49. b4 b5 50. Kg2 g4 51. fxg4 Qxg4+ 52. Kh2 Qh4+
53. Kg2 Qg4+ 1/2-1/2

[Event "Bundesliga"]
[Site "Baden-Baden"]
[Date "2009.03.28"]
[Round "14.3"]
[White "Buhmann"]
[Black "Adams"]
[Result "1/2-1/2"]
[ECO "E04"]
[WhiteElo "2541"]
[BlackElo "2734"]
[PlyCount "83"]
[EventDate "2009.??.??"]
[WhiteTeam "SOL"]
[BlackTeam "BAD"]
[TimeControl "40/7200:20/3600:1800"]

1. Nf3 Nf6 2. c4 e6 3. g3 d5 4. d4 dxc4 5. Bg2 c5 6. O-O Nc6 7. Qa4 Bd7 8. Qxc4
Qb6 9. dxc5 Qxc5 10. Qxc5 Bxc5 11. Nbd2 Ke7 12. b3 Rac8 13. Bb2 Rhd8 14. Rac1
b6 15. a3 Be8 16. e3 a5 17. Rc2 Kf8 18. Rfc1 Ke7 19. Rf1 Kf8 20. Rfc1 Nd5 21.
Nd4 Nde7 22. Nxc6 Nxc6 23. Nc4 Rd3 24. Nxb6 Bxb6 25. Bxc6 Rxb3 26. Bxe8 Rxe8
27. Be5 Rd8 28. Rc3 Rb5 29. Bc7 Rd2 30. Bxb6 Rxb6 31. Rc8+ Ke7 32. R1c7+ Rd7
33. Rxd7+ Kxd7 34. Ra8 Rb5 35. Ra7+ Ke8 36. Kg2 g5 37. g4 Kf8 38. Kg3 Kg7 39.
h4 gxh4+ 40. Kxh4 h6 41. Kg3 h5 42. gxh5 1/2-1/2

[Event "Bundesliga"]
[Site "Baden-Baden"]
[Date "2009.03.28"]
[Round "14.1"]
[White "Stellwagen"]
[Black "Anand"]
[Result "0-1"]
[ECO "B97"]
[WhiteElo "2605"]
[BlackElo "2783"]
[PlyCount "104"]
[EventDate "2009.??.??"]
[WhiteTeam "SOL"]
[BlackTeam "BAD"]
[TimeControl "40/7200:20/3600:1800"]

1. e4 c5 2. Nf3 d6 3. d4 cxd4 4. Nxd4 Nf6 5. Nc3 a6 6. Bg5 e6 7. f4 Qb6 8. Qd2
Qxb2 9. Rb1 Qa3 10. e5 dxe5 11. fxe5 Nfd7 12. Ne4 h6 13. Bb5 axb5 14. Nxb5 hxg5
15. Nxa3 Rxa3 16. O-O Nc6 17. Rb5 Ra4 18. Nxg5 Ndxe5 19. Rxe5 Nxe5 20. Qc3 Nc6
21. Rxf7 Ra5 22. Rxg7 Bc5+ 23. Kh1 Rf8 24. Qd3 Rxa2 25. h4 Ra1+ 26. Kh2 Bd4 27.
Qg6+ Kd8 28. Rf7 Rxf7 29. Qxf7 Bg1+ 30. Kg3 e5 31. h5 Nd4 32. Qf6+ Kc7 33.
Qxe5+ Kb6 34. Qd6+ Ka7 35. Qc5+ Kb8 36. Qd6+ Ka8 37. Qd8 Nf5+ 38. Kh3 Kb8 39.
Ne6 Ra3+ 40. Kg4 Nh6+ 41. Kf4 Bh2+ 42. Ke4 Nf7 43. Qf8 Nd6+ 44. Kd4 Ka7 45. Nc5
Ra5 46. h6 Bg1+ 47. Kd3 Bf5+ 48. Qxf5 Nxf5 49. h7 Ra3+ 50. Nb3 Bd4 51. Ke4 Bh8
52. Kxf5 Ra2 0-1

[Event "Bundesliga"]
[Site "Bremen"]
[Date "2009.03.28"]
[Round "13.7"]
[White "Rudolf"]
[Black "Fish"]
[Result "1/2-1/2"]
[ECO "B85"]
[WhiteElo "2368"]
[BlackElo "2531"]
[PlyCount "89"]
[EventDate "2009.??.??"]
[WhiteTeam "SFB"]
[BlackTeam "WBR"]
[TimeControl "40/7200:20/3600:1800"]

1. e4 c5 2. Nf3 e6 3. d4 cxd4 4. Nxd4 Nf6 5. Nc3 d6 6. Be2 Be7 7. O-O Nc6 8.
Kh1 O-O 9. f4 Qc7 10. Be3 a6 11. a4 Rd8 12. Qe1 Nxd4 13. Bxd4 e5 14. Bg1 exf4
15. a5 Re8 16. Bb6 Qb8 17. Rxf4 d5 18. Qf2 dxe4 19. Nxe4 Nxe4 20. Rxe4 Be6 21.
Bf3 Bd6 22. Qh4 Be5 23. Bd4 Bxd4 24. Rxd4 Qc7 25. b4 Qc3 26. Rad1 Rab8 27. Rd8
g6 28. h3 Qxc2 29. Rxb8 Rxb8 30. Rd8+ Rxd8 31. Qxd8+ Kg7 32. Qd4+ Kg8 33. Bxb7
Bc4 34. Kh2 Bb5 35. Qd6 Qe2 36. Qd8+ Kg7 37. Qd4+ Kg8 38. Bd5 Qe7 39. Qf4 Kg7
40. Bc4 Bxc4 41. Qxc4 Qe5+ 42. Kg1 Qe1+ 43. Kh2 Qe5+ 44. Kg1 Qe1+ 45. Kh2
1/2-1/2

[Event "Bundesliga"]
[Site "Bremen"]
[Date "2009.03.28"]
[Round "13.5"]
[White "Berndt"]
[Black "Nybäck"]
[Result "1-0"]
[ECO "C86"]
[WhiteElo "2440"]
[BlackElo "2634"]
[PlyCount "85"]
[EventDate "2009.??.??"]
[WhiteTeam "SFB"]
[BlackTeam "WBR"]
[TimeControl "40/7200:20/3600:1800"]

1. e4 e5 2. Nf3 Nc6 3. Bb5 a6 4. Ba4 Nf6 5. O-O Be7 6. Qe2 b5 7. Bb3 d6 8. c3
Na5 9. Bc2 c5 10. Rd1 O-O 11. d4 Qc7 12. d5 Nc4 13. b3 Nb6 14. a4 Rb8 15. a5
Nbd7 16. Nbd2 Nh5 17. g3 g6 18. Nf1 Ng7 19. Ng5 Qd8 20. h4 Nf6 21. Nh2 h6 22.
Ngf3 h5 23. Ng5 Ng4 24. f3 Nxh2 25. Kxh2 f6 26. Nh3 f5 27. Ng5 Rb7 28. Rg1 Bf6
29. Bd2 Re7 30. b4 c4 31. Raf1 Ne8 32. exf5 gxf5 33. Ne6 Rxe6 34. dxe6 Bxe6 35.
g4 hxg4 36. fxg4 Bg7 37. Bg5 Qd7 38. gxf5 Bxf5 39. Bxf5 Rxf5 40. Qg4 Rf7 41.
Rxf7 Qxf7 42. h5 d5 43. h6 1-0

[Event "Bundesliga"]
[Site "Bremen"]
[Date "2009.03.28"]
[Round "13.3"]
[White "Lauber"]
[Black "Roiz"]
[Result "0-1"]
[ECO "D87"]
[WhiteElo "2497"]
[BlackElo "2677"]
[PlyCount "56"]
[EventDate "2009.??.??"]
[WhiteTeam "SFB"]
[BlackTeam "WBR"]
[TimeControl "40/7200:20/3600:1800"]

1. d4 Nf6 2. c4 g6 3. Nc3 d5 4. cxd5 Nxd5 5. e4 Nxc3 6. bxc3 Bg7 7. Bc4 c5 8.
Ne2 Nc6 9. Be3 O-O 10. O-O Bg4 11. f3 Bd7 12. Rb1 Rc8 13. Bd3 Qc7 14. d5 Ne5
15. c4 a6 16. f4 Nxd3 17. Qxd3 b5 18. Rfc1 Qa5 19. Ng3 bxc4 20. Qxc4 Bb5 21.
Qc2 c4 22. e5 Rfd8 23. Qe4 c3 24. a4 Qxa4 25. Bb6 Rd7 26. Qxa4 Bxa4 27. Ne4 c2
28. Rb4 Rxd5 0-1

[Event "Bundesliga"]
[Site "Bremen"]
[Date "2009.03.28"]
[Round "13.1"]
[White "Markos"]
[Black "Fressinet"]
[Result "0-1"]
[ECO "E35"]
[WhiteElo "2557"]
[BlackElo "2676"]
[PlyCount "118"]
[EventDate "2009.??.??"]
[WhiteTeam "SFB"]
[BlackTeam "WBR"]
[TimeControl "40/7200:20/3600:1800"]

1. d4 Nf6 2. c4 e6 3. Nc3 Bb4 4. Qc2 d5 5. cxd5 exd5 6. Bg5 c5 7. a3 Bxc3+ 8.
bxc3 Nbd7 9. Nf3 O-O 10. g3 Qa5 11. Bg2 Ne4 12. Bd2 Nb6 13. c4 Nxd2 14. Qxd2
Nxc4 15. Qxa5 Nxa5 16. dxc5 Nb3 17. Rd1 Be6 18. Ne5 Nxc5 19. Bxd5 Rfe8 20. O-O
Bxd5 21. Rxd5 Ne4 22. Nc4 Nc3 23. Rd3 Na4 24. e3 Red8 25. Rfd1 Rxd3 26. Rxd3
Nc5 27. Rd5 b6 28. Ne5 f6 29. Nd3 Ne6 30. Nf4 Rd8 31. Kf1 Rxd5 32. Nxd5 Kf7 33.
Ke2 Nc5 34. f3 f5 35. h4 Ke6 36. Nc7+ Ke5 37. h5 g6 38. hxg6 hxg6 39. Nb5 a6
40. Nc3 b5 41. f4+ Ke6 42. Kf3 Nb3 43. Ke2 Na5 44. e4 Nc4 45. exf5+ gxf5 46.
Nb1 Kd5 47. Kd3 Kc5 48. Kc2 Kd4 49. Kb3 a5 50. Nc3 Nxa3 51. Ne2+ Ke3 52. Nc3
Kf3 53. Nd5 Nc4 54. Ne7 Nd6 55. Nc6 Kxg3 56. Nxa5 Kxf4 57. Kb4 Ke3 58. Kc5 f4
59. Nc6 f3 0-1

[Event "Bundesliga"]
[Site "Remagen"]
[Date "2009.03.28"]
[Round "13.8"]
[White "Schulz"]
[Black "Hertneck"]
[Result "1-0"]
[ECO "E15"]
[WhiteElo "2379"]
[BlackElo "2519"]
[PlyCount "47"]
[EventDate "2009.??.??"]
[WhiteTeam "REM"]
[BlackTeam "TGS"]
[TimeControl "40/7200:20/3600:1800"]

1. d4 Nf6 2. Nf3 e6 3. c4 b6 4. g3 Ba6 5. Qc2 Bb7 6. Bg2 Bb4+ 7. Bd2 Qe7 8. O-O
c5 9. Bxb4 cxb4 10. Nbd2 Nc6 11. e4 O-O 12. d5 exd5 13. cxd5 Ne5 14. Qc7 Nxf3+
15. Bxf3 Ba6 16. Rfe1 Rfc8 17. Qf4 d6 18. e5 dxe5 19. Rxe5 Qf8 20. d6 Rab8 21.
Re7 Bb5 22. Rxa7 Bc6 23. Re1 Bxf3 24. Nxf3 1-0